TOP OF THE 1ST |
Aberdeen Ironbirds batting - Pitching for Hudson Valley Renegades : RHP David Zupon
|
Pitching: RHP David Zupon
|
|
Batting: RHB Tony Godley
|
0-0: Ball 1-0: Ball 2-0: Bunt missed! 2-1: Ground out 6-3 (Groundball, 4M, EV 93.1 MPH)
|
Batting: RHB Honório Szenes
|
0-0: Foul Ball, location: 2F 0-1: Foul Ball, location: 2F 0-2: Foul Ball, location: 2F 0-2: Ball 1-2: Strikes out swinging
|
Batting: RHB Daniel Jackson
|
0-0: Ball 1-0: Ball 2-0: Ball 3-0: Ground out 4-3 (Groundball, 4M, EV 83.1 MPH)
|
Top of the 1st over - 0 runs, 0 hits, 0 errors, 0 left on base; Aberdeen 0 - Hudson Valley 0 |
BOTTOM OF THE 1ST |
Hudson Valley Renegades batting - Pitching for Aberdeen Ironbirds : RHP Steve Webb
|
Pitching: RHP Steve Webb
|
|
Batting: LHB Jonathan Spino
|
0-0: Fly out, F9 (Flyball, 89D, EV 103.1 MPH)
|
Batting: SHB Josif Popovski
|
0-0: TRIPLE (Flyball, 78XD, EV 105.6 MPH)
|
Batting: LHB Eric Toney
|
0-0: Ball 1-0: Called Strike 1-1: Ball 2-1: Ground out 6-3 (Groundball, 6, EV 108.8 MPH) Josif Popovski scores
|
Batting: LHB Rocky Crowley
|
0-0: Ball 1-0: Foul Ball, location: 2F 1-1: Ground out 3-1 (Groundball, 13, EV 90.6 MPH)
|
Bottom of the 1st over - 1 run, 1 hit, 0 errors, 0 left on base; Aberdeen 0 - Hudson Valley 1 |
TOP OF THE 2ND |
Aberdeen Ironbirds batting - Pitching for Hudson Valley Renegades : RHP David Zupon
|
Batting: LHB Keith Long
|
0-0: Called Strike 0-1: Foul Ball, location: 2F 0-2: Strikes out swinging
|
Batting: RHB Josh Hopp
|
0-0: Ball 1-0: Foul Ball, location: 2F 1-1: Foul Ball, location: 2F 1-2: Ball 2-2: SINGLE (Groundball, 4MS, EV 68.1 MPH) (infield hit)
|
Batting: RHB Ethan Finke
|
0-0: Ball 1-0: Ball Josh Hopp is caught stealing 2nd base 2-4 2-0: Ball 3-0: Called Strike 3-1: Base on Balls
|
Batting: RHB Luke Vaccarino
|
0-0: Called Strike 0-1: Swinging Strike 0-2: Ball 1-2: Strikes out swinging
|
Top of the 2nd over - 0 runs, 1 hit, 0 errors, 1 left on base; Aberdeen 0 - Hudson Valley 1 |
BOTTOM OF THE 2ND |
Hudson Valley Renegades batting - Pitching for Aberdeen Ironbirds : RHP Steve Webb
|
Batting: RHB Nelle Lommen
|
0-0: Ball 1-0: Ball 2-0: Called Strike 2-1: Ball 3-1: Foul Ball, location: 2F 3-2: Strikes out swinging
|
Batting: RHB Dave Galloway
|
0-0: Ball 1-0: Foul Ball, location: 2F 1-1: Foul Ball, location: 2F 1-2: Ball 2-2: Ground out 5-3 (Groundball, 56S, EV 85.6 MPH)
|
Batting: LHB Alex Genao
|
0-0: Ball 1-0: Ground out 3-1 (Groundball, 34S, EV 78.1 MPH)
|
Bottom of the 2nd over - 0 runs, 0 hits, 0 errors, 0 left on base; Aberdeen 0 - Hudson Valley 1 |
TOP OF THE 3RD |
Aberdeen Ironbirds batting - Pitching for Hudson Valley Renegades : RHP David Zupon
|
Batting: RHB Matt O'Dea
|
0-0: Ball 1-0: Fly out, F7 (Flyball, 78M, EV 90.6 MPH)
|
Batting: RHB Matthew Neal
|
0-0: Ball 1-0: SINGLE (Groundball, 4MD, EV 103.1 MPH)
|
Batting: RHB Tony Godley
|
0-0: Swinging Strike 0-1: Foul Ball, location: 2F 0-2: Ball 1-2: Strikes out swinging
|
Batting: RHB Honório Szenes
|
0-0: Ball 1-0: Called Strike 1-1: Ball 2-1: Swinging Strike 2-2: Hit by Pitch Matthew Neal to second
|
Batting: RHB Daniel Jackson
|
0-0: Hit by Pitch Matthew Neal to third Honório Szenes to second
|
Batting: LHB Keith Long
|
0-0: Called Strike 0-1: Fly out, F8 (Flyball, 8LM, EV 89.4 MPH)
|
Top of the 3rd over - 0 runs, 1 hit, 0 errors, 3 left on base; Aberdeen 0 - Hudson Valley 1 |
BOTTOM OF THE 3RD |
Hudson Valley Renegades batting - Pitching for Aberdeen Ironbirds : RHP Steve Webb
|
Batting: LHB Jeremy Burton
|
0-0: Called Strike 0-1: Ball 1-1: Foul Ball, location: 2F 1-2: Strikes out swinging
|
Batting: RHB Evan Chalarian
|
0-0: Swinging Strike 0-1: Called Strike 0-2: Ball 1-2: Strikes out swinging passed ball, reaches first!
|
Batting: LHB Jonathan Spino
|
0-0: Called Strike 0-1: SINGLE (Groundball, 34D, EV 110.6 MPH) Evan Chalarian to second Runner from 2nd tries for 3rd, SAFE, throw by RF made to third
|
Batting: SHB Josif Popovski
|
0-0: Ball 1-0: Ball Jonathan Spino steals 2nd base 2-0: Ball 3-0: Fly out, F8 (Flyball, 8RD, EV 95.6 MPH) Runner from 3rd tags up, SCORES, no throw by CF
|
Batting: LHB Eric Toney
|
0-0: Fly out, F7 (Flyball, 7LS, EV 90.6 MPH)
|
Bottom of the 3rd over - 1 run, 1 hit, 0 errors, 1 left on base; Aberdeen 0 - Hudson Valley 2 |
TOP OF THE 4TH |
Aberdeen Ironbirds batting - Pitching for Hudson Valley Renegades : RHP David Zupon
|
Batting: RHB Josh Hopp
|
0-0: Ball 1-0: Ball 2-0: Called Strike 2-1: Ground out 5-3 (Groundball, 56, EV 82.5 MPH)
|
Batting: RHB Ethan Finke
|
0-0: Called Strike 0-1: Foul Ball, location: 2F 0-2: Ground out U3 (Groundball, 3S, EV 88.8 MPH)
|
Batting: RHB Luke Vaccarino
|
0-0: Called Strike 0-1: Ball 1-1: Foul Ball, location: 2F 1-2: Foul Ball, location: 2F 1-2: Foul Ball, location: 2F 1-2: Ball 2-2: Ground out U3 (Groundball, 13, EV 83.8 MPH)
|
Top of the 4th over - 0 runs, 0 hits, 0 errors, 0 left on base; Aberdeen 0 - Hudson Valley 2 |
BOTTOM OF THE 4TH |
Hudson Valley Renegades batting - Pitching for Aberdeen Ironbirds : RHP Steve Webb
|
Batting: LHB Rocky Crowley
|
0-0: Ball 1-0: Swinging Strike 1-1: Foul Ball, location: 2F 1-2: Strikes out swinging
|
Batting: RHB Nelle Lommen
|
0-0: Called Strike 0-1: Ball 1-1: Ground out 4-3 (Groundball, 4M, EV 85.6 MPH)
|
Batting: RHB Dave Galloway
|
0-0: Ground out U3 (Groundball, 3, EV 106.9 MPH)
|
Bottom of the 4th over - 0 runs, 0 hits, 0 errors, 0 left on base; Aberdeen 0 - Hudson Valley 2 |
TOP OF THE 5TH |
Aberdeen Ironbirds batting - Pitching for Hudson Valley Renegades : RHP David Zupon
|
Batting: RHB Matt O'Dea
|
0-0: Ball 1-0: Foul Ball, location: 2F 1-1: Ball 2-1: Called Strike 2-2: Ball 3-2: Base on Balls
|
Batting: RHB Matthew Neal
|
0-0: Foul Ball, location: 2F 0-1: Fly out, F8 (Line Drive, 89M, EV 96.2 MPH)
|
Batting: RHB Tony Godley
|
0-0: Ball 1-0: Ball 2-0: Foul Ball, location: 2F 2-1: Called Strike 2-2: SINGLE (Groundball, 4S, EV 66.2 MPH) (infield hit) Matt O'Dea to second
|
Batting: RHB Honório Szenes
|
0-0: Ball 1-0: Foul Ball, location: 2F Balk! Matt O'Dea to third Tony Godley to second 1-1: Ball 2-1: Fly out, F9 (Flyball, 9D, EV 98.1 MPH)
|
Batting: RHB Daniel Jackson
|
0-0: Called Strike 0-1: Fly out, F7 (Flyball, 78M, EV 88.8 MPH)
|
Top of the 5th over - 0 runs, 1 hit, 0 errors, 2 left on base; Aberdeen 0 - Hudson Valley 2 |
BOTTOM OF THE 5TH |
Hudson Valley Renegades batting - Pitching for Aberdeen Ironbirds : RHP Steve Webb
|
Batting: LHB Alex Genao
|
0-0: Ball 1-0: Ball 2-0: Called Strike 2-1: Ground out 4-3 (Groundball, 4, EV 79.4 MPH)
|
Batting: LHB Jeremy Burton
|
0-0: Ball 1-0: Foul Ball, location: 2F 1-1: Ball 2-1: Ball 3-1: Called Strike 3-2: Foul Ball, location: 2F 3-2: Ground out 4-3 (Groundball, 4, EV 108.1 MPH)
|
Batting: RHB Evan Chalarian
|
0-0: Called Strike 0-1: Swinging Strike 0-2: Ball 1-2: Ball 2-2: Strikes out swinging
|
Bottom of the 5th over - 0 runs, 0 hits, 0 errors, 0 left on base; Aberdeen 0 - Hudson Valley 2 |
TOP OF THE 6TH |
Aberdeen Ironbirds batting - Pitching for Hudson Valley Renegades : RHP David Zupon
|
Batting: LHB Keith Long
|
0-0: Ground out 4-3 (Groundball, 4M, EV 86.2 MPH)
|
Batting: RHB Josh Hopp
|
0-0: Foul Ball, location: 2F 0-1: Ground out 6-3 (Groundball, 6, EV 88.1 MPH)
|
Batting: RHB Ethan Finke
|
0-0: Ball 1-0: Ball 2-0: Foul Ball, location: 2F 2-1: Ball 3-1: Swinging Strike 3-2: Fly out, F8 (Flyball, 8RXD, EV 101.9 MPH)
|
Top of the 6th over - 0 runs, 0 hits, 0 errors, 0 left on base; Aberdeen 0 - Hudson Valley 2 |
BOTTOM OF THE 6TH |
Hudson Valley Renegades batting - Pitching for Aberdeen Ironbirds : RHP Steve Webb
|
Batting: LHB Jonathan Spino
|
0-0: Called Strike 0-1: Ground out 5-3 (Groundball, 56, EV 88.8 MPH)
|
Batting: SHB Josif Popovski
|
0-0: Ground out 5-3 (Groundball, 56S, EV 72.5 MPH)
|
Batting: LHB Eric Toney
|
0-0: Ball 1-0: Ball 2-0: Called Strike 2-1: Swinging Strike 2-2: Strikes out swinging
|
Bottom of the 6th over - 0 runs, 0 hits, 0 errors, 0 left on base; Aberdeen 0 - Hudson Valley 2 |
TOP OF THE 7TH |
Aberdeen Ironbirds batting - Pitching for Hudson Valley Renegades : RHP David Zupon
|
Batting: RHB Luke Vaccarino
|
0-0: Ball 1-0: Called Strike 1-1: Swinging Strike 1-2: Ball 2-2: Strikes out swinging
|
Pitching: RHP Virgil Laverick
|
|
Batting: RHB Matt O'Dea
|
0-0: Ball 1-0: Foul Ball, location: 2F 1-1: Ground out 6-3 (Groundball, 6D, EV 90.0 MPH)
|
Batting: RHB Matthew Neal
|
0-0: Swinging Strike 0-1: Called Strike 0-2: Foul Ball, location: 2F 0-2: Ball 1-2: Ball 2-2: Ball 3-2: Ground out U3 (Groundball, 3S, EV 73.1 MPH)
|
Top of the 7th over - 0 runs, 0 hits, 0 errors, 0 left on base; Aberdeen 0 - Hudson Valley 2 |
BOTTOM OF THE 7TH |
Hudson Valley Renegades batting - Pitching for Aberdeen Ironbirds : RHP Steve Webb
|
Batting: LHB Rocky Crowley
|
0-0: Ball 1-0: Ball 2-0: Called Strike 2-1: Swinging Strike 2-2: Foul Ball, location: 2F 2-2: Foul Ball, location: 2F 2-2: Foul Ball, location: 2F 2-2: Ball 3-2: Foul Ball, location: 2F 3-2: Strikes out swinging
|
Batting: RHB Nelle Lommen
|
0-0: Ball 1-0: Called Strike 1-1: Foul Ball, location: 2F 1-2: Strikes out swinging
|
Batting: RHB Dave Galloway
|
0-0: Called Strike 0-1: Foul Ball, location: 2F 0-2: Ball 1-2: Ball 2-2: Fly out, F8 (Flyball, 8LM, EV 95.0 MPH)
|
Bottom of the 7th over - 0 runs, 0 hits, 0 errors, 0 left on base; Aberdeen 0 - Hudson Valley 2 |
TOP OF THE 8TH |
Aberdeen Ironbirds batting - Pitching for Hudson Valley Renegades : RHP Virgil Laverick
|
Batting: RHB Tony Godley
|
0-0: Called Strike 0-1: Ball 1-1: Ball 2-1: TRIPLE (Line Drive, 78XD, EV 100.0 MPH)
|
Pinch Hitting: LHB Vinny Rivera
|
0-0: Swinging Strike 0-1: Foul Ball, location: 2F 0-2: Ground out U3 (Groundball, 34, EV 87.5 MPH) Tony Godley scores
|
Batting: RHB Daniel Jackson
|
0-0: Called Strike 0-1: Called Strike 0-2: Ball 1-2: Strikes out looking
|
Batting: LHB Keith Long
|
0-0: Foul Ball, location: 2F 0-1: DOUBLE (Flyball, 8LXD, EV 97.5 MPH)
|
Batting: RHB Josh Hopp
|
0-0: Ground out 6-3 (Groundball, 6, EV 105.0 MPH)
|
Top of the 8th over - 1 run, 2 hits, 0 errors, 1 left on base; Aberdeen 1 - Hudson Valley 2 |
BOTTOM OF THE 8TH |
Hudson Valley Renegades batting - Pitching for Aberdeen Ironbirds : RHP Steve Webb
|
Now at 2B: Matt Berrier
|
|
Batting: LHB Alex Genao
|
0-0: Ball 1-0: Ground out 4-3 (Groundball, 4, EV 85.6 MPH)
|
Pitching: RHP Nick Hodge
|
|
Batting: LHB Jeremy Burton
|
0-0: Called Strike 0-1: Ground out 4-3 (Groundball, 4, EV 80.6 MPH)
|
Batting: RHB Evan Chalarian
|
0-0: Ball 1-0: Foul Ball, location: 2F 1-1: Fly out, F9 (Flyball, 9, EV 98.1 MPH)
|
Bottom of the 8th over - 0 runs, 0 hits, 0 errors, 0 left on base; Aberdeen 1 - Hudson Valley 2 |
TOP OF THE 9TH |
Aberdeen Ironbirds batting - Pitching for Hudson Valley Renegades : RHP Virgil Laverick
|
Pitching: RHP Tim Inman
|
|
Now in RF: Chris Lockart
|
|
Batting: RHB Ethan Finke
|
0-0: Fly out, F9 (Flyball, 9LD, EV 103.1 MPH)
|
Batting: RHB Luke Vaccarino
|
0-0: Ball 1-0: Called Strike 1-1: Ball 2-1: Foul Ball, location: 2F 2-2: Foul Ball, location: 2F 2-2: Ground out 6-3 (Groundball, 6, EV 85.6 MPH)
|
Batting: RHB Matt O'Dea
|
0-0: Called Strike 0-1: Foul Ball, location: 2F 0-2: Ball 1-2: Foul Ball, location: 2F 1-2: Ball 2-2: Strikes out swinging
|
Top of the 9th over - 0 runs, 0 hits, 0 errors, 0 left on base; Aberdeen 1 - Hudson Valley 2 |
|